 Dungeon Crawl Stone Soup version 0.29.1-13-g9f3cf754e1 (webtiles) character file.

Game seed: 6323759805086318907

7563 KyoPewz the Frost Mage (level 10, -3/56 HPs)
             Began as a Deep Elf Conjurer on Feb 8, 2023.
             Was an Initiate of Vehumet.
             Slain by a komodo dragon (25 damage)
             ... on level 10 of the Dungeon.
             The game lasted 00:54:19 (13505 turns).

KyoPewz the Frost Mage (Deep Elf Conjurer)         Turns: 13505, Time: 00:54:20

Health: -3/56      AC: 14    Str:  8    XL:     10   Next: 96%
Magic:  12/25      EV: 12    Int: 29    God:    Vehumet [......]
Gold:   338        SH:  0    Dex: 13    Spells: 0/27 levels left

rFire   . . .      SeeInvis .   s - +2 flail (vorpal)
rCold   . . .      Faith    .   (no shield)
rNeg    . . .      Spirit   .   q - +0 steam dragon scales
rPois   .          Reflect  .   O - +4 hat of Iggiur {Int+5}
rElec   .          Harm     .   H - +2 cloak
rCorr   +          Rampage  .   M - +0 pair of gloves
Will    +....                   w - +0 pair of boots
Stlth   ++........              (no amulet)
HPRegen 0.18/turn               I - ring of resist corrosion
MPRegen 0.19/turn               (no ring)

@: no status effects
A: no striking features
a: Renounce Religion


You were on level 10 of the Dungeon.
You worshipped Vehumet.
Vehumet was noncommittal.
You visited 2 branches of the dungeon, and saw 12 of its levels.
You also visited: Ossuary.

You collected 566 gold pieces.
You spent 228 gold pieces at shops.

Inventory:

Hand Weapons
 e - a +0 dagger
 j - a +0 rapier
 s - a +2 vorpal flail (weapon)
 E - a +1 short sword of electrocution
Missiles
 c - 13 boomerangs
 h - 57 stones
 m - 3 javelins
 p - 6 throwing nets
 S - 10 poisoned darts
Armour
 a - a +0 robe
 q - +0 steam dragon scales (worn)
 w - a +0 pair of boots (worn)
 y - the +1 leather armour of Impermeability {Int+4}
   (You found it in an ossuary)

   Int:       It affects your intelligence (+4).
 H - a +2 cloak (worn)
 K - the +1 robe of the Demon Prince {+Blink}
   (You took it off a centaur on level 6 of the Dungeon)

   +Blink:    It lets you blink.
 M - a +0 pair of gloves (worn)
 O - the +4 hat of Iggiur (worn) {Int+5}
   (You bought it in a shop on level 1 of the Dungeon)

   Int:       It affects your intelligence (+5).
 R - a +0 troll leather armour
 V - +0 acid dragon scales
Jewellery
 I - a ring of resist corrosion (left hand)
 X - a +4 ring of evasion
Wands
 x - a wand of mindburst (10)
 B - a wand of iceblast (16)
 D - a wand of flame (48)
 T - a wand of paralysis (6)
Scrolls
 d - 6 scrolls of teleportation
 f - 5 scrolls of blinking
 g - 5 scrolls of vulnerability
 l - 6 scrolls of fear
 o - a scroll of torment {unknown}
 r - a scroll of noise {unknown}
 u - a scroll of poison {unknown}
 A - a scroll of summoning {unknown}
 F - a scroll of enchant armour {unknown}
 G - a scroll of amnesia {unknown}
 Q - a scroll of silence {unknown}
 Y - a scroll of immolation {unknown}
Potions
 b - 2 potions of magic
 i - 8 potions of curing
 k - a potion of resistance
 n - 4 potions of flight
 t - a potion of attraction
 v - a potion of cancellation {unknown}
 z - 2 potions of heal wounds
 C - 2 potions of might
 J - a potion of brilliance {unknown}
 L - 2 potions of lignification {unknown}
 N - a potion of ambrosia {unknown}
 P - a potion of haste {unknown}
 U - a potion of invisibility {unknown}


   Skills:
 + Level 3.4 Fighting
 - Level 2.4 Dodging
 - Level 2.4 Stealth
 - Level 9.0 Spellcasting
 - Level 8.0 Conjurations
 - Level 7.0 Hexes
 - Level 8.0 Translocations
 + Level 11.2 Ice Magic


You couldn't memorise any spells.
You knew the following spells:

 Your Spells              Type           Power      Damage    Failure   Level
a - Magic Dart            Conj           100%       1d8       1%          1
b - Searing Ray           Conj           100%       2d8       1%          2
c - Dazzling Flash        Conj/Hex       100%       N/A       1%          3
d - Fulminant Prism       Conj/Hex       27%        3d14      1%          4
e - Iskenderun's Mystic   Conj/Tloc      56%        2d12      1%          4
f - Cause Fear            Hex            26%        N/A       2%          4
g - Ensorcelled Hibernat  Hex/Ice        100%       N/A       1%          2
h - Frozen Ramparts       Ice            100%       1d16      1%          3
i - Slow                  Hex            100%       N/A       1%          1
j - Mephitic Cloud        Conj/Pois/Air  28%        N/A       4%          3

Your spell library contained the following spells:

 Spells                   Type           Power      Damage    Failure   Level
 Confusing Touch          Hex            52%        N/A       1%          3
 Inner Flame              Hex/Fire       33%        N/A       3%          3
 Ice Form                 Ice/Tmut       45%        N/A       4%          4
 Summon Ice Beast         Ice/Summ       45%        N/A       4%          4
 Call Imp                 Summ           13%        N/A       6%          2
 Sublimation of Blood     Necr           13%        N/A       6%          2
 Wereblood                Tmut           13%        N/A       6%          2
 Anguish                  Hex/Necr       16%        N/A       10%         4
 Spider Form              Tmut/Pois      13%        N/A       12%         3
 Vampiric Draining        Necr           13%        2d6       12%         3
 Malign Gateway           Summ/Tloc      18%        N/A       100%        7
 Summon Hydra             Summ           6%         N/A       100%        7
 Discord                  Hex            26%        N/A       100%        8
 Summon Horrible Things   Summ           6%         N/A       100%        8


Dungeon Overview and Level Annotations

Branches:
Dungeon (11/15)            Temple (1/1) D:4            Lair (0/5) D:10
Ossuary (visited)
    Orc: D:9-12

Altars:
Ashenzari
Cheibriados
Dithmenos
Elyvilon
Fedhas
Gozag
Hepliaklqana
Kikubaaqudgha
Makhleb
Nemelex Xobeh
Okawaru
Qazlal
Ru
Sif Muna
Trog
Uskayaw
Vehumet
Wu Jian
Xom
Yredelemnul
Zin
The Shining One

Shops:
D:1 [   D:6 =   D:7 *   D:9 (   D:10 =


Message History

Look: a komodo dragon (chance to affect: 67%)
The komodo dragon looks frightened!
Casting: Cause Fear (dangerous; 2% risk of failure)
Confirm with . or Enter, or press ? or * to list all spells.
You erupt in a blast of force!
The mystic blast hits the komodo dragon!
The komodo dragon is moderately wounded.
Your attack snaps the komodo dragon out of its fear.
The komodo dragon is knocked back by the mystic blast.
Casting: Iskenderun's Mystic Blast (dangerous; 1% risk of failure)
Confirm with . or Enter, or press ? or * to list all spells.
Aiming: Fulminant Prism (dangerous; 1% risk of failure)
Press: ? - help, Dir - move target, p - komodo dragon
Okay, then.
Unknown command.
Casting: Fulminant Prism (dangerous; 1% risk of failure)
Confirm with . or Enter, or press ? or * to list all spells.
Okay, then.
Casting: Fulminant Prism (dangerous; 1% risk of failure)
Confirm with . or Enter, or press ? or * to list all spells.
Aiming: Ensorcelled Hibernation (safe; 1% risk of failure)
Press: ? - help, Shift-Dir - straight line, f/p - komodo dragon
Aim: a komodo dragon (moderately wounded, chance to affect: 54%)
The komodo dragon resists with some effort.
Casting: Ensorcelled Hibernation (safe; 1% risk of failure)
Confirm with . or Enter, or press ? or * to list all spells.
Aiming: Ensorcelled Hibernation (safe; 1% risk of failure)
Press: ? - help, Shift-Dir - straight line, f/p - komodo dragon
Aim: a komodo dragon (moderately wounded, chance to affect: 54%)
The komodo dragon resists with some effort.
Casting: Ensorcelled Hibernation (safe; 1% risk of failure)
Confirm with . or Enter, or press ? or * to list all spells.
Aiming: Ensorcelled Hibernation (safe; 1% risk of failure)
Press: ? - help, Shift-Dir - straight line, f/p - komodo dragon
Aim: a komodo dragon (moderately wounded, chance to affect: 54%)
The komodo dragon looks drowsy...
The komodo dragon hisses angrily.
The komodo dragon attacks as you move away!
The komodo dragon bites you!!
You die...

#.........##.##################
#.........##...................
#.........##........##########.
#...................# #รท
#.).....*.#.........# ###.
#.....u...#...>.....# #...
#####'######........# #.## #.)..#
##l####### #.# #)#### #.@..# #.#
####)##### #####'###### ####.##
#........# #....<.....# #......
#........# #..........# #......
#........# #.......)..###......
#........# #...)......#........
#.<......# #..........#.#......
#.....)..#####..........#.#......
#........##..'..........#.#......


You could see a komodo dragon.

Vanquished Creatures
  Erolcha (D:10)
  An ugly thing (D:10)
  Psyche (D:8)
  A komodo dragon (D:10)
  A troll (D:8)
  A hornet (D:8)
  A vampire (D:9)
  2 wraiths
  2 humans (D:10)
  5 steam dragons
  Edmund (D:4)
  An acid dragon (D:10)
  2 water moccasins
  Duvessa (D:5)
  5 ice beasts
  A sky beast (D:6)
  2 orc warriors
  An ogre (D:6)
  3 centaurs
  3 bullfrogs
  3 necrophages
  8 wights
  A scorpion (D:7)
  3 water moccasin zombies (Ossuary)
  Dowan (D:5)
  6 killer bees (D:9)
  7 howler monkeys
  5 jellies
  5 hounds
  7 orc priests
  A gnoll bouda (D:9)
  2 iguanas
  5 orc wizards
  2 mummies (Ossuary)
  15 gnolls
  5 adders
  A shadow imp (D:6)
  7 adder zombies (Ossuary)
  2 worms (D:2)
  A dart slug (D:2)
  17 orcs
  6 endoplasms
  4 giant cockroaches
  2 gnoll zombies (Ossuary)
  6 goblins
  7 hobgoblins
  4 kobolds
  4 quokkas
  6 ball pythons
  2 bats (D:1)
  7 hobgoblin zombies (Ossuary)
  6 kobold zombies (Ossuary)
  4 orc zombies (Ossuary)
  5 rats
  A fulminant prism (D:10)
204 creatures vanquished.

Vanquished Creatures (others)
  27 fulminant prisms
  38 plants (D:10)
65 creatures vanquished.

Grand Total: 269 creatures vanquished

Notes
Turn   | Place    | Note
-------+----------+-------------------------------------------
     0 | D:1      | KyoPewz the Deep Elf Conjurer began the quest for the Orb.
     0 | D:1      | Reached XP level 1. HP: 10/10 MP: 6/6
   177 | D:1      | Reached XP level 2. HP: 15/15 MP: 3/8
   227 | D:1      | Learned a level 2 spell: Searing Ray
   229 | D:1      | Found Nixtaklo's Antique Armour Emporium.
   318 | D:1      | Found a faded altar of an unknown god.
   945 | D:2      | Reached XP level 3. HP: 19/19 MP: 8/10
   948 | D:2      | Reached skill level 5 in Conjurations
  1891 | D:3      | Learned a level 3 spell: Dazzling Flash
  1913 | D:3      | Noticed a necrophage
  1918 | D:3      | Killed a necrophage
  1919 | D:3      | Reached XP level 4. HP: 24/24 MP: 5/12
  2016 | D:3      | Reached skill level 5 in Spellcasting
  2020 | D:3      | Reached XP level 5. HP: 20/28 MP: 4/14
  2025 | D:3      | Learned a level 4 spell: Fulminant Prism
  2030 | D:3      | Learned a level 4 spell: Iskenderun's Mystic Blast
  2902 | D:4      | Reached skill level 1 in Translocations
  2902 | D:4      | Reached XP level 6. HP: 24/32 MP: 10/16
  3021 | D:4      | Noticed Edmund
  3032 | D:4      | Killed Edmund
  3365 | D:4      | Found a staircase to the Ecumenical Temple.
  3375 | Temple   | Entered the Ecumenical Temple
  4128 | D:5      | Entered Level 5 of the Dungeon
  4204 | D:5      | Found a sand-covered staircase.
  4209 | Ossuary  | Entered an ossuary
  4263 | Ossuary  | Reached skill level 5 in Hexes
  4268 | Ossuary  | Reached XP level 7. HP: 14/36 MP: 3/18
  4798 | Ossuary  | Identified the +1 leather armour of Impermeability {Int+4}
  4905 | D:5      | Noticed Dowan
  4917 | D:5      | Noticed Duvessa
  4927 | D:5      | Killed Duvessa
  4928 | D:5      | Killed Dowan
  5704 | D:5      | Found a sparkling altar of Nemelex Xobeh.
  5902 | D:5      | Reached XP level 8. HP: 41/41 MP: 15/19
  6093 | D:5      | Reached skill level 5 in Translocations
  7099 | D:6      | Found Peli's Jewellery Shoppe.
  7113 | D:6      | Found a stormy altar of Qazlal.
  7269 | D:6      | Reached skill level 1 in Ice Magic
  7326 | D:6      | Identified the +1 robe of the Demon Prince {+Blink}
  7520 | D:6      | Reached XP level 9. HP: 38/45 MP: 13/20
  7592 | D:6      | Reached skill level 2 in Ice Magic
  7881 | D:7      | Found Wocush's General Store.
  8080 | D:7      | Learned a level 4 spell: Cause Fear
  8083 | D:7      | Learned a level 2 spell: Ensorcelled Hibernation
  8257 | D:7      | Reached skill level 3 in Ice Magic
  8442 | D:7      | Reached skill level 4 in Ice Magic
  8715 | D:7      | Bought a scroll of fear for 48 gold pieces
  8757 | D:7      | Found a bloodstained altar of Trog.
  8758 | D:7      | Found a sacrificial altar of Ru.
  8920 | D:7      | Reached skill level 5 in Ice Magic
  9059 | D:1      | Bought a shimmering hat for 180 gold pieces
  9059 | D:1      | Identified the +4 hat of Iggiur {Int+5} (You bought it in a
                  | shop on level 1 of the Dungeon)
  9867 | D:8      | Found a radiant altar of Vehumet.
  9875 | D:8      | Became a worshipper of Vehumet
  9906 | D:8      | Found a glowing golden altar of the Shining One.
  9909 | D:8      | Found a blossoming altar of Fedhas.
  9912 | D:8      | Found a hide-covered altar of Uskayaw.
  9915 | D:8      | Found a shadowy altar of Dithmenos.
  9957 | D:8      | Reached skill level 6 in Ice Magic
 10026 | D:8      | Noticed Psyche
 10036 | D:8      | Killed Psyche
 10305 | D:8      | Paralysed by a hornet for 1 turns
 10311 | D:8      | Reached skill level 7 in Ice Magic
 10311 | D:8      | Reached XP level 10. HP: 27/50 MP: 7/25
 10583 | D:8      | Learned a level 3 spell: Frozen Ramparts
 10641 | D:9      | Reached skill level 8 in Ice Magic
 11258 | D:9      | Found Popniokh's Firing Range.
 11363 | D:9      | Reached skill level 9 in Ice Magic
 11900 | D:9      | Found an ornate altar of the Wu Jian Council.
 11976 | D:10     | Entered Level 10 of the Dungeon
 12042 | D:10     | Found an iron altar of Okawaru.
 12058 | D:10     | Reached skill level 10 in Ice Magic
 12273 | D:10     | Found Ebutt's Jewellery Shoppe.
 12307 | D:10     | Noticed Erolcha
 12315 | D:10     | Learned a level 1 spell: Slow
 12319 | D:10     | Learned a level 3 spell: Mephitic Cloud
 12350 | D:10     | Killed Erolcha
 12351 | D:10     | Reached skill level 1 in Fighting
 12793 | D:10     | Found a staircase to the Lair.
 12993 | D:10     | Noticed a red ugly thing
 13155 | D:10     | Reached skill level 11 in Ice Magic
 13316 | D:10     | Killed a red ugly thing
 13475 | D:11     | Noticed a gargoyle
 13505 | D:10     | Slain by a komodo dragon

Illustrated notes

Levels and vault maps discovered:
D:1:      matt_arrival_grand_opening, layout_rooms, serial_shops,
          nicolae_shop_hallway_plus, shapermc_ecumenical_altar_flowoftime,
          kennysheep_nondescript
D:2:      layout_basic
D:3:      layout_loops_cross
D:4:      layout_loops_corners, minmay_temple_entry_waves, uniq_edmund
D:5:      cheibrodos_iron_armory, layout_loops_corners, kennysheep_little_box,
          enter_ossuary_5, dk_rats_in_the_wall, uniq_duvessa
D:6:      layout_rooms, amcnicky_altar_gilded, serial_shops, nicolae_shop_trees,
          minmay_misc_feat_pillars
D:7:      layout_cave_pods, grunt_temple_overflow_open, serial_shops, shop,
          ebering_dispersal_statue_hall
D:8:      layout_basic, vehumet_altar_wand_db, grunt_temple_overflow_cloverleaf,
          minmay_hedge_maze, uniq_psyche
D:9:      layout_roguey, nzn_wu_jian_council_hall, nicolae_shop_firing_range
D:10:     layout_roguey, okawaru_humans, david_lair_shrubbed, serial_shops,
          shop, uniq_erolcha
D:11:     layout_rooms, uniq_grum
Temple:   hellmonk_temple_of_storms

Skill      XL: |  1  2  3  4  5  6  7  8  9 10 |
---------------+-------------------------------+-----
Spellcasting   | 4 5 6 9 |  9.0
Conjurations   | 5 6 8 |  8.0
Hexes          | 2 4 5 6 7 |  7.0
Translocations | 1 2 4 7 8 |  8.0
Ice Magic      | 1 7 11 | 11.2
Fighting       | 3 |  3.4
Dodging        | |  2.4
Stealth        | |  2.4

Action                   |  1- 3 |  4- 6 |  7- 9 | 10-12 || total
-------------------------+-------+-------+-------+-------++-------
Melee: Flail             |       |       |    32 |     2 ||    34
       Punch             |       |       |     1 |       ||     1
 Cast: Magic Dart        |    76 |    48 |   148 |    48 ||   320
       Searing Ray       |     1 |    12 |    41 |    20 ||    74
       Fulminant Prism   |       |       |     9 |    19 ||    28
       Iskenderun's Myst |       |       |     4 |    17 ||    21
       Dazzling Flash    |       |       |     1 |     7 ||     8
       Cause Fear        |       |       |       |     4 ||     4
       Ensorcelled Hiber |       |       |       |     4 ||     4
       Mephitic Cloud    |       |       |       |     1 ||     1
Evoke: Wand              |       |       |     1 |       ||     1
  Use: Scroll            |     2 |       |     4 |     4 ||    10
       Potion            |       |       |     1 |       ||     1
Armor: Robe              |     2 |       |     9 |       ||    11
       Leather armour    |       |       |    14 |       ||    14
       Steam dragon scal |       |       |    16 |    20 ||    36
Dodge: Dodged            |     1 |    10 |    67 |    25 ||   103
